Sabres vs Devils

Created - March-23-14 at 11:05

Goals
1 2 3 OT1 SO T
Sabres 2 1 1 0 0 4
Devils 4 0 0 0 1 5
Shots
1 2 3 OT1 SO T
Sabres 9 12 7 2 3 30
Devils 10 7 6 0 2 23

1st period

1. Sabres , Chris Stewart 18 (Brayden Schenn, Dan Girardi) at 3:30
2. Sabres , Francois Beauchemin 13 (Jason Pominville, Mike Fisher) at 5:09
3. Devils , Vladimir Sobotka 10 (Jake Muzzin) at 5:31
4. Devils , Mark Letestu 21 (Niklas Hjalmarsson) at 13:49
5. Devils , Saku Koivu 19 (Mark Streit, Sergei Gonchar) at 15:34
6. Devils , Tommy Wingels 10 (Cory Conacher, Steve Ott) at 16:45

Penalties :
Dan Girardi (BUF) for Holding (Minor) at 1:05, Dan Cleary (BUF) for Interference (Minor) at 11:15

2nd period

7. Sabres , Brayden Schenn 13 (Dan Girardi, Chris Stewart) at 12:44

Penalties :
Clarke MacArthur (NJD) for Diving (Minor) at 15:47, Brayden Schenn (BUF) for Boarding (Double Minor) at 19:36

3rd period

8. Sabres , Matt Duchene 33 (Brad Boyes, Zach Parise) at 6:34

Penalties :
Steve Ott (NJD) for Holding (Minor) at 15:46, Mark Streit (NJD) for Charging (Minor) at 17:49

Overtime #1

No Goal

Penalties :
No Penalty

Shootout

Penalty Shot by Jason Pominville for Sabres - Stopped by Corey Crawford
Penalty Shot by James van Riemsdyk for Devils - Goal!
Penalty Shot by Zach Parise for Sabres - Stopped by Corey Crawford
Penalty Shot by Jonathan Huberdeau for Devils - Shot Misses the Net
Penalty Shot by Thomas Vanek for Sabres - Stopped by Corey Crawford

Penalties :
No Penalty

Goalie Stats

Ondrej Pavelec (BUF), 15 saves from 15 shots - (1.000), OTL, 28-23-13, 48:15 minutes
Peter Budaj (BUF), 4 saves from 8 shots - (0.500), 16:45 minutes
Corey Crawford (NJD), 26 saves from 30 shots - (0.867), W, 33-21-3, 65:00 minutes

Players Stats for Sabres

Player Name              G  A  P  +/- PIM S  H  SB GA TA FO     MP     PP MP  PK MP  
------------------------------------------------------------------------------------
Brad Boyes               0  1  1   1  0   1  3  0  0  0  0/1    13:17   2:38   1:14 
Brad Stuart              0  0  0   0  0   0  4  1  0  0  0/0    14:49   0:00   0:26 
Brayden Schenn           1  1  2  -2  4   3  4  0  0  0  7/19   17:39   0:00   0:14 
Chris Stewart            1  1  2  -2  0   2  1  1  0  0  0/0    20:45   3:19   0:00 
Dan Cleary               0  0  0   0  2   0  0  0  0  0  0/0     6:45   0:00   0:24 
Dan Girardi              0  2  2  -1  2   0  4  2  0  0  0/0    25:56   3:29   3:12 
Daniel Winnik            0  0  0   1  0   2  2  0  0  0  0/0    19:33   0:00   2:41 
Francois Beauchemin      1  0  1   0  0   3  3  3  0  0  0/0    26:07   2:28   4:05 
Jason Pominville         0  1  1   1  0   5  0  1  0  0  0/2    22:31   0:00   4:38 
Joel Ward                0  0  0  -2  0   2  1  0  0  0  0/0    14:43   0:00   0:00 
Johnny Oduya             0  0  0   1  0   0  0  0  0  0  0/0    22:18   2:38   3:38 
Josh Gorges              0  0  0   0  0   2  2  3  0  0  0/0    19:21   0:00   0:55 
Matt Duchene             1  0  1   1  0   5  1  0  0  0  13/18  12:44   3:19   0:00 
Mike Fisher              0  1  1   1  0   2  1  0  0  0  18/28  24:47   2:38   4:40 
Oliver Ekman-Larsson     0  0  0   0  0   3  1  3  0  0  0/0    21:28   3:19   3:38 
Paul Gaustad             0  0  0   0  0   0  1  0  0  0  2/7     7:59   0:00   2:03 
Thomas Vanek             0  0  0   0  0   0  0  0  0  0  0/0     8:34   2:38   0:00 
Zach Parise              0  1  1   1  0   0  0  0  0  0  0/3    12:44   3:19   0:00 

Players Stats for Devils

Player Name              G  A  P  +/- PIM S  H  SB GA TA FO     MP     PP MP  PK MP  
------------------------------------------------------------------------------------
Ales Hemsky              0  0  0   0  0   3  0  0  0  0  1/1    13:48   0:00   0:00 
Carl Hagelin             0  0  0  -2  0   1  1  0  0  0  0/2    20:18   4:52   0:10 
Clarke MacArthur         0  0  0   0  2   0  1  0  0  0  0/0    17:57   3:05   1:05 
Cory Conacher            0  1  1   1  0   1  0  0  0  0  2/6     8:06   3:05   0:00 
Jake Muzzin              0  1  1   1  0   1  0  0  0  0  0/0    11:31   5:15   0:10 
James van Riemsdyk       0  0  0  -2  0   3  1  1  0  0  1/2    24:21   4:52   1:48 
Jonathan Huberdeau       0  0  0  -2  0   1  1  0  0  0  17/32  22:43   4:52   0:00 
Mark Letestu             1  0  1   1  0   1  0  0  0  0  3/6    15:41   0:00   3:40 
Mark Streit              0  1  1   1  2   0  0  1  0  0  0/0    17:54   5:15   0:00 
Mike Weaver              0  0  0  -1  0   1  1  2  0  0  0/0    17:15   0:00   3:24 
Nikita Nikitin           0  0  0  -1  0   1  1  0  0  0  0/0    23:34   2:42   2:23 
Niklas Hjalmarsson       0  1  1   0  0   0  0  1  0  0  0/0    23:54   0:00   2:57 
Saku Koivu               1  0  1   1  0   3  0  0  0  0  6/15   16:14   0:00   1:48 
Sergei Gonchar           0  1  1   1  0   1  1  1  0  0  0/0    15:59   2:42   0:37 
Steve Ott                0  1  1   2  2   4  2  2  0  0  2/3    21:25   3:05   2:07 
Tommy Wingels            1  0  1   1  0   1  0  0  0  0  0/0     5:49   0:00   0:00 
Trevor Daley             0  0  0  -1  0   0  2  5  0  0  0/0    19:52   0:00   2:23 
Vladimir Sobotka         1  0  1   0  0   1  1  0  0  0  6/11   17:39   0:00   1:16 

3 Stars

1 - Francois Beauchemin (BUF)
2 - Matt Duchene (BUF)
3 - Tommy Wingels (NJD)

Power Play

Sabres - 0 on 3 Attempt(s) - 0.00%
Devils - 0 on 4 Attempt(s) - 0.00%

Penalty Kill

Sabres - 4 on 4 Attempt(s) - 100.00% - Score 0 goal in Penalty Kill
Devils - 3 on 3 Attempt(s) - 100.00% - Score 0 goal in Penalty Kill

Official

Referees : Steve Kozari and Mike Hasenfratz
Linesman : Matt MacPherson and Brian Murphy

Game Notes

Ondrej Pavelec enters game at 16:45 of 1st period

Finance

Level 1 -- Attendance: 4571 (76.18%) -- Ticket Income $493,668
Level 2 -- Attendance: 4932 (98.64%) -- Ticket Income $369,900
Level 3 -- Attendance: 2000 (100.00%) -- Ticket Income $140,000
Level 4 -- Attendance: 3334 (91.97%) -- Ticket Income $43,342
Luxury Box -- Attendance: 899 (89.90%) -- Ticket Income $157,325
Game was played at the Prudential Center
Total Attendance: 15736 (89.28%)
Total Ticket Income: $1,204,235
Other Income: $180,635
Total Income: $1,384,870


% Time on Ice - Sabres

Lines # - Real PCT - Wanted PCT - Time Play
Normal Forward
1 - 35% - 40% - 16:02
2 - 32% - 30% - 14:43
3 - 20% - 20% - 9:25
4 - 13% - 10% - 5:56
Normal Defense
1 - 34% - 40% - 15:36
2 - 36% - 30% - 16:35
3 - 27% - 20% - 12:40
4 - 3% - 10% - 1:15
PP Forward
1 - 56% - 60% - 3:19
2 - 44% - 40% - 2:38
PP Defense
1 - 65% - 60% - 3:53
2 - 35% - 40% - 2:04
PK Forward
1 - 74% - 60% - 5:54
2 - 26% - 40% - 2:03
PK Defense
1 - 54% - 60% - 4:19
2 - 46% - 40% - 3:38
PK3 Forward
1 - 0% - 60%
2 - 0% - 40%
PK3 Defense
1 - 0% - 60%
2 - 0% - 40%
44 Forward
1 - 71% - 60% - 3:33
2 - 29% - 40% - 1:27
44 Defense
1 - 54% - 60% - 2:43
2 - 46% - 40% - 2:17
Last Minute Offensive  - 0:00
Last Minute Defensive  - 0:00
Total
Forward - 65:00
Defense - 65:00

% Time on Ice - Devils

Lines # - Real PCT - Wanted PCT - Time Play
Normal Forward
1 - 33% - 35% - 15:16
2 - 26% - 30% - 12:01
3 - 30% - 20% - 13:48
4 - 11% - 15% - 5:01
Normal Defense
1 - 30% - 35% - 13:51
2 - 34% - 33% - 15:29
3 - 27% - 20% - 12:40
4 - 9% - 12% - 4:06
PP Forward
1 - 61% - 60% - 4:52
2 - 39% - 40% - 3:05
PP Defense
1 - 66% - 60% - 5:15
2 - 34% - 40% - 2:42
PK Forward
1 - 70% - 55% - 4:09
2 - 30% - 45% - 1:48
PK Defense
1 - 57% - 55% - 3:24
2 - 43% - 45% - 2:33
PK3 Forward
1 - 0% - 50%
2 - 0% - 50%
PK3 Defense
1 - 0% - 55%
2 - 0% - 45%
44 Forward
1 - 48% - 50% - 2:25
2 - 52% - 50% - 2:35
44 Defense
1 - 60% - 50% - 3:00
2 - 40% - 50% - 2:00
Last Minute Offensive  - 0:00
Last Minute Defensive  - 0:00
Total
Forward - 65:00
Defense - 65:00

Play by Play

1st period


0:01 of 1st period - Mike Fisher wins face-off versus Jonathan Huberdeau in neutral zone.
1:03 of 1st period - Shot by Saku Koivu.
1:03 of 1st period - Shot Misses the Net.
1:05 of 1st period - Shot by Steve Ott.
1:05 of 1st period - Stopped by Peter Budaj without a rebound.
1:05 of 1st period - Minor Penalty to Dan Girardi for Holding.
1:06 of 1st period - Steve Ott wins face-off versus Mike Fisher in Sabres zone.
1:27 of 1st period - Shot by Steve Ott.
1:27 of 1st period - Deflect By Cory Conacher.
1:27 of 1st period - Shot Blocked by Francois Beauchemin.
1:29 of 1st period - Shot by Clarke MacArthur.
1:29 of 1st period - Shot Misses the Net.
1:33 of 1st period - Shot by Cory Conacher.
1:33 of 1st period - Shot Misses the Net.
1:35 of 1st period - Shot by Mark Streit.
1:35 of 1st period - Shot Blocked by Josh Gorges.
1:37 of 1st period - Shot by Jake Muzzin.
1:37 of 1st period - Stopped by Peter Budaj without a rebound.
1:38 of 1st period - Jonathan Huberdeau wins face-off versus Paul Gaustad in Sabres zone.
2:58 of 1st period - Shot by Mark Streit.
2:58 of 1st period - Shot Blocked by Francois Beauchemin.
3:00 of 1st period - Shot by Jake Muzzin.
3:00 of 1st period - Shot Misses the Net.
3:02 of 1st period - Shot by Cory Conacher.
3:02 of 1st period - Shot Misses the Net.
3:04 of 1st period - Shot by Jake Muzzin.
3:04 of 1st period - Shot Blocked by Brad Stuart.
3:16 of 1st period - Shot by Brayden Schenn.
3:16 of 1st period - Stopped by Corey Crawford with a rebound.
3:28 of 1st period - Shot by Brayden Schenn.
3:28 of 1st period - Shot Blocked by Mike Weaver.
3:30 of 1st period - Shot by Chris Stewart.
3:30 of 1st period - Goal by Chris Stewart - Sabres : 1 - Devils : 0.
3:31 of 1st period - Matt Duchene wins face-off versus Saku Koivu in neutral zone.
3:35 of 1st period - Icing by Steve Ott.
3:36 of 1st period - Matt Duchene wins face-off versus Saku Koivu in Devils zone.
3:39 of 1st period - Shot by Brad Boyes.
3:39 of 1st period - Shot Blocked by Trevor Daley.
3:41 of 1st period - Shot by Oliver Ekman-Larsson.
3:41 of 1st period - Stopped by Corey Crawford without a rebound.
3:42 of 1st period - Matt Duchene wins face-off versus Jonathan Huberdeau in Devils zone.
4:16 of 1st period - Icing by Brad Stuart.
4:17 of 1st period - Matt Duchene wins face-off versus Saku Koivu in Sabres zone.
4:17 of 1st period - Matt Duchene is hit by Steve Ott.
5:09 of 1st period - Shot by Francois Beauchemin.
5:09 of 1st period - Goal by Francois Beauchemin - Sabres : 2 - Devils : 0.
5:10 of 1st period - Vladimir Sobotka wins face-off versus Brayden Schenn in neutral zone.
5:31 of 1st period - Shot by Vladimir Sobotka.
5:31 of 1st period - Goal by Vladimir Sobotka - Sabres : 2 - Devils : 1.
5:32 of 1st period - Mike Fisher wins face-off versus Jonathan Huberdeau in neutral zone.
6:34 of 1st period - Shot by Joel Ward.
6:34 of 1st period - Shot Blocked by Sergei Gonchar.
6:36 of 1st period - Shot by Josh Gorges.
6:36 of 1st period - Shot Blocked by James van Riemsdyk.
6:38 of 1st period - Shot by Josh Gorges.
6:38 of 1st period - Stopped by Corey Crawford without a rebound.
6:39 of 1st period - Paul Gaustad wins face-off versus Cory Conacher in Devils zone.
6:54 of 1st period - Shot by Paul Gaustad.
6:54 of 1st period - Shot Misses the Net.
7:46 of 1st period - Brad Stuart is hit by Vladimir Sobotka and loses puck.
7:56 of 1st period - Ales Hemsky is hit by Brad Stuart and loses puck.
8:02 of 1st period - Clarke MacArthur is hit by Brad Stuart and loses puck.
8:28 of 1st period - Shot by Saku Koivu.
8:28 of 1st period - Stopped by Peter Budaj without a rebound.
8:29 of 1st period - Brayden Schenn wins face-off versus Jonathan Huberdeau in Sabres zone.
9:10 of 1st period - Shot by James van Riemsdyk.
9:10 of 1st period - Deflect By Carl Hagelin.
9:10 of 1st period - Shot Blocked by Dan Girardi.
9:42 of 1st period - Shot by Steve Ott.
9:42 of 1st period - Deflect By Saku Koivu.
9:42 of 1st period - Stopped by Peter Budaj without a rebound.
9:43 of 1st period - Mike Fisher wins face-off versus Vladimir Sobotka in Sabres zone.
11:10 of 1st period - Shot by Matt Duchene.
11:10 of 1st period - Stopped by Corey Crawford without a rebound.
11:11 of 1st period - Jonathan Huberdeau wins face-off versus Paul Gaustad in Devils zone.
11:15 of 1st period - Minor Penalty to Dan Cleary for Interference.
11:16 of 1st period - Mike Fisher wins face-off versus Carl Hagelin in Sabres zone.
11:28 of 1st period - Icing by Jake Muzzin.
11:29 of 1st period - Jonathan Huberdeau wins face-off versus Mike Fisher in Devils zone.
11:40 of 1st period - Icing by Jonathan Huberdeau.
11:41 of 1st period - Mike Fisher wins face-off versus Jonathan Huberdeau in Devils zone.
11:44 of 1st period - Shot by Jason Pominville.
11:44 of 1st period - Stopped by Corey Crawford without a rebound.
11:45 of 1st period - Jonathan Huberdeau wins face-off versus Mike Fisher in Devils zone.
11:49 of 1st period - Off-side.
11:50 of 1st period - Jonathan Huberdeau wins face-off versus Mike Fisher in neutral zone.
11:50 of 1st period - Jonathan Huberdeau is hit by Mike Fisher.
11:54 of 1st period - Shot by Mark Streit.
11:54 of 1st period - Shot Misses the Net.
12:06 of 1st period - Shot by Mark Streit.
12:06 of 1st period - Shot Blocked by Jason Pominville.
12:13 of 1st period - Icing by James van Riemsdyk.
12:14 of 1st period - Jonathan Huberdeau wins face-off versus Mike Fisher in Devils zone.
12:19 of 1st period - Mike Fisher is hit by Jonathan Huberdeau and loses puck.
13:13 of 1st period - Clarke MacArthur is hit by Francois Beauchemin.
13:39 of 1st period - Shot by Saku Koivu.
13:39 of 1st period - Shot Misses the Net.
13:49 of 1st period - Shot by Mark Letestu.
13:49 of 1st period - Goal by Mark Letestu - Sabres : 2 - Devils : 2.
13:50 of 1st period - Ales Hemsky wins face-off versus Matt Duchene in neutral zone.
15:04 of 1st period - Shot by Daniel Winnik.
15:04 of 1st period - Stopped by Corey Crawford without a rebound.
15:05 of 1st period - Brayden Schenn wins face-off versus Saku Koivu in Devils zone.
15:17 of 1st period - Brayden Schenn is hit by Sergei Gonchar and loses puck.
15:28 of 1st period - Shot by Sergei Gonchar.
15:28 of 1st period - Shot Blocked by Dan Girardi.
15:34 of 1st period - Shot by Saku Koivu.
15:34 of 1st period - Goal by Saku Koivu - Sabres : 2 - Devils : 3.
15:35 of 1st period - Jonathan Huberdeau wins face-off versus Mike Fisher in neutral zone.
16:06 of 1st period - Shot by Daniel Winnik.
16:06 of 1st period - Shot Blocked by Niklas Hjalmarsson.
16:41 of 1st period - Shot by Steve Ott.
16:41 of 1st period - Shot Misses the Net.
16:43 of 1st period - Shot by Cory Conacher.
16:43 of 1st period - Shot Misses the Net.
16:45 of 1st period - Shot by Tommy Wingels.
16:45 of 1st period - Goal by Tommy Wingels - Sabres : 2 - Devils : 4.
16:45 of 1st period - Ondrej Pavelec enters game.
16:46 of 1st period - Matt Duchene wins face-off versus Saku Koivu in neutral zone.
16:55 of 1st period - Shot by Zach Parise.
16:55 of 1st period - Shot Misses the Net.
16:57 of 1st period - Shot by Zach Parise.
16:57 of 1st period - Shot Blocked by Steve Ott.
16:59 of 1st period - Shot by Matt Duchene.
16:59 of 1st period - Stopped by Corey Crawford without a rebound.
17:00 of 1st period - Vladimir Sobotka wins face-off versus Brayden Schenn in Devils zone.
17:00 of 1st period - Vladimir Sobotka is hit by Brayden Schenn.
17:07 of 1st period - Clarke MacArthur is hit by Joel Ward and loses puck.
17:11 of 1st period - Nikita Nikitin is hit by Dan Girardi and loses puck.
17:16 of 1st period - Shot by Ales Hemsky.
17:16 of 1st period - Shot Misses the Net.
17:18 of 1st period - Shot by Nikita Nikitin.
17:18 of 1st period - Shot Blocked by Chris Stewart.
17:20 of 1st period - Shot by Trevor Daley.
17:20 of 1st period - Shot Blocked by Josh Gorges.
17:22 of 1st period - Shot by Ales Hemsky.
17:22 of 1st period - Stopped by Ondrej Pavelec with a rebound.
17:33 of 1st period - Clarke MacArthur is hit by Dan Girardi.
18:18 of 1st period - Shot by Mike Fisher.
18:18 of 1st period - Shot Blocked by Mark Streit.
18:20 of 1st period - Shot by Jason Pominville.
18:20 of 1st period - Shot Misses the Net.
19:03 of 1st period - Icing by Niklas Hjalmarsson.
19:04 of 1st period - Jonathan Huberdeau wins face-off versus Matt Duchene in Devils zone.
19:11 of 1st period - Shot by James van Riemsdyk.
19:11 of 1st period - Stopped by Ondrej Pavelec without a rebound.
19:12 of 1st period - Jonathan Huberdeau wins face-off versus Zach Parise in Sabres zone.
19:18 of 1st period - Jonathan Huberdeau is hit by Josh Gorges and loses puck.
19:27 of 1st period - Zach Parise is hit by James van Riemsdyk and loses puck.
19:45 of 1st period - James van Riemsdyk is hit by Dan Girardi and loses puck.
Goals for this period are 2 for Sabres vs 4 for Devils.
Shots for this period are 9 for Sabres vs 10 for Devils.

2nd period


0:01 of 2nd period - Mike Fisher wins face-off versus Cory Conacher in neutral zone.
0:41 of 2nd period - Shot by Mike Fisher.
0:41 of 2nd period - Shot Blocked by Mike Weaver.
0:45 of 2nd period - Shot by Jason Pominville.
0:45 of 2nd period - Shot Misses the Net.
1:15 of 2nd period - Shot by Chris Stewart.
1:15 of 2nd period - Stopped by Corey Crawford without a rebound.
1:16 of 2nd period - Jonathan Huberdeau wins face-off versus Zach Parise in Devils zone.
1:16 of 2nd period - Jonathan Huberdeau is hit by Brad Boyes.
1:24 of 2nd period - Shot by Carl Hagelin.
1:24 of 2nd period - Shot Misses the Net.
1:35 of 2nd period - Carl Hagelin is hit by Brad Stuart.
1:37 of 2nd period - Shot by Jonathan Huberdeau.
1:37 of 2nd period - Stopped by Ondrej Pavelec without a rebound.
1:38 of 2nd period - Vladimir Sobotka wins face-off versus Brayden Schenn in Sabres zone.
1:58 of 2nd period - Shot by Chris Stewart.
1:58 of 2nd period - Shot Misses the Net.
2:00 of 2nd period - Shot by Dan Girardi.
2:00 of 2nd period - Shot Misses the Net.
2:18 of 2nd period - Shot by Joel Ward.
2:18 of 2nd period - Shot Misses the Net.
2:20 of 2nd period - Shot by Josh Gorges.
2:20 of 2nd period - Stopped by Corey Crawford without a rebound.
2:21 of 2nd period - Mike Fisher wins face-off versus James van Riemsdyk in Devils zone.
2:32 of 2nd period - Shot by James van Riemsdyk.
2:32 of 2nd period - Stopped by Ondrej Pavelec without a rebound.
2:33 of 2nd period - Paul Gaustad wins face-off versus Saku Koivu in Sabres zone.
2:39 of 2nd period - Shot by Saku Koivu.
2:39 of 2nd period - Shot Misses the Net.
2:41 of 2nd period - Shot by Steve Ott.
2:41 of 2nd period - Stopped by Ondrej Pavelec without a rebound.
2:42 of 2nd period - Saku Koivu wins face-off versus Mike Fisher in Sabres zone.
2:46 of 2nd period - Icing by Dan Girardi.
2:47 of 2nd period - Mike Fisher wins face-off versus Steve Ott in Sabres zone.
3:22 of 2nd period - Shot by Steve Ott.
3:22 of 2nd period - Stopped by Ondrej Pavelec without a rebound.
3:23 of 2nd period - Jonathan Huberdeau wins face-off versus Brayden Schenn in Sabres zone.
3:35 of 2nd period - James van Riemsdyk is hit by Oliver Ekman-Larsson and loses puck.
4:25 of 2nd period - Shot by Matt Duchene.
4:25 of 2nd period - Stopped by Corey Crawford without a rebound.
4:26 of 2nd period - Saku Koivu wins face-off versus Mike Fisher in Devils zone.
4:33 of 2nd period - Shot by Jason Pominville.
4:33 of 2nd period - Stopped by Corey Crawford with a rebound.
4:35 of 2nd period - Shot by Daniel Winnik.
4:35 of 2nd period - Stopped by Corey Crawford with a rebound.
4:54 of 2nd period - Shot by Jason Pominville.
4:54 of 2nd period - Deflect By Mike Fisher.
4:54 of 2nd period - Shot Blocked by Steve Ott.
5:38 of 2nd period - Mark Streit is hit by Paul Gaustad.
5:50 of 2nd period - Shot by Ales Hemsky.
5:50 of 2nd period - Stopped by Ondrej Pavelec without a rebound.
5:51 of 2nd period - Brayden Schenn wins face-off versus Carl Hagelin in Sabres zone.
5:53 of 2nd period - Icing by Joel Ward.
5:54 of 2nd period - James van Riemsdyk wins face-off versus Brayden Schenn in Sabres zone.
6:10 of 2nd period - Shot by Carl Hagelin.
6:10 of 2nd period - Shot Blocked by Oliver Ekman-Larsson.
6:17 of 2nd period - Jonathan Huberdeau is hit by Brad Stuart and loses puck.
7:46 of 2nd period - Shot by Brad Boyes.
7:46 of 2nd period - Shot Misses the Net.
7:48 of 2nd period - Shot by Josh Gorges.
7:48 of 2nd period - Shot Misses the Net.
8:02 of 2nd period - Shot by Matt Duchene.
8:02 of 2nd period - Stopped by Corey Crawford without a rebound.
8:03 of 2nd period - Cory Conacher wins face-off versus Paul Gaustad in Devils zone.
8:10 of 2nd period - Shot by Steve Ott.
8:10 of 2nd period - Shot Blocked by Oliver Ekman-Larsson.
8:25 of 2nd period - Off-side.
8:26 of 2nd period - Jonathan Huberdeau wins face-off versus Brayden Schenn in neutral zone.
9:24 of 2nd period - Chris Stewart is hit by Trevor Daley and loses puck.
9:59 of 2nd period - Shot by Mike Fisher.
9:59 of 2nd period - Stopped by Corey Crawford with a rebound.
10:03 of 2nd period - Shot by Daniel Winnik.
10:03 of 2nd period - Shot Misses the Net.
10:05 of 2nd period - Shot by Mike Fisher.
10:05 of 2nd period - Deflect By Jason Pominville.
10:05 of 2nd period - Shot Blocked by Trevor Daley.
10:07 of 2nd period - Shot by Francois Beauchemin.
10:07 of 2nd period - Stopped by Corey Crawford without a rebound.
10:08 of 2nd period - Matt Duchene wins face-off versus Vladimir Sobotka in Devils zone.
10:11 of 2nd period - Shot by Brad Boyes.
10:11 of 2nd period - Stopped by Corey Crawford without a rebound.
10:12 of 2nd period - Matt Duchene wins face-off versus Vladimir Sobotka in Devils zone.
10:29 of 2nd period - Shot by Ales Hemsky.
10:29 of 2nd period - Stopped by Ondrej Pavelec with a rebound.
11:21 of 2nd period - Daniel Winnik is hit by Clarke MacArthur and loses puck.
12:12 of 2nd period - Shot by Cory Conacher.
12:12 of 2nd period - Shot Misses the Net.
12:14 of 2nd period - Shot by Mike Weaver.
12:14 of 2nd period - Shot Blocked by Francois Beauchemin.
12:16 of 2nd period - Shot by Mike Weaver.
12:16 of 2nd period - Stopped by Ondrej Pavelec without a rebound.
12:17 of 2nd period - Jonathan Huberdeau wins face-off versus Brayden Schenn in Sabres zone.
12:34 of 2nd period - Shot by Jonathan Huberdeau.
12:34 of 2nd period - Shot Misses the Net.
12:44 of 2nd period - Shot by Brayden Schenn.
12:44 of 2nd period - Goal by Brayden Schenn - Sabres : 3 - Devils : 4.
12:45 of 2nd period - Saku Koivu wins face-off versus Matt Duchene in neutral zone.
13:09 of 2nd period - Shot by Zach Parise.
13:09 of 2nd period - Shot Misses the Net.
13:32 of 2nd period - Zach Parise is hit by Steve Ott and loses puck.
14:01 of 2nd period - Trevor Daley is hit by Brayden Schenn and loses puck.
14:17 of 2nd period - Shot by Joel Ward.
14:17 of 2nd period - Stopped by Corey Crawford with a rebound.
14:19 of 2nd period - Shot by Joel Ward.
14:19 of 2nd period - Shot Misses the Net.
14:23 of 2nd period - Shot by Brayden Schenn.
14:23 of 2nd period - Shot Misses the Net.
15:33 of 2nd period - Shot by Clarke MacArthur.
15:33 of 2nd period - Shot Misses the Net.
15:47 of 2nd period - Minor Penalty to Clarke MacArthur for Diving.
15:48 of 2nd period - Mark Letestu wins face-off versus Zach Parise in Devils zone.
15:48 of 2nd period - Mark Letestu is hit by Chris Stewart.
16:43 of 2nd period - Icing by Francois Beauchemin.
16:44 of 2nd period - Mike Fisher wins face-off versus Saku Koivu in Sabres zone.
19:06 of 2nd period - Icing by Niklas Hjalmarsson.
19:07 of 2nd period - Mike Fisher wins face-off versus Cory Conacher in Devils zone.
19:12 of 2nd period - Shot by Jason Pominville.
19:12 of 2nd period - Stopped by Corey Crawford without a rebound.
19:13 of 2nd period - Mike Fisher wins face-off versus Jonathan Huberdeau in Devils zone.
19:13 of 2nd period - Jason Pominville is hit by Trevor Daley and loses puck.
19:29 of 2nd period - Icing by Nikita Nikitin.
19:30 of 2nd period - Brayden Schenn wins face-off versus Jonathan Huberdeau in Devils zone.
19:36 of 2nd period - Double Minor Penalty to Brayden Schenn for Boarding.
19:37 of 2nd period - Mike Fisher wins face-off versus Jonathan Huberdeau in Sabres zone.
Goals for this period are 1 for Sabres vs 0 for Devils.
Shots for this period are 12 for Sabres vs 7 for Devils.

3rd period


0:01 of 3rd period - Mike Fisher wins face-off versus Jonathan Huberdeau in neutral zone.
0:58 of 3rd period - Icing by Clarke MacArthur.
0:59 of 3rd period - Steve Ott wins face-off versus Paul Gaustad in Devils zone.
0:59 of 3rd period - Steve Ott is hit by Daniel Winnik.
1:21 of 3rd period - Shot by Nikita Nikitin.
1:21 of 3rd period - Shot Misses the Net.
2:19 of 3rd period - Shot by Jonathan Huberdeau.
2:19 of 3rd period - Shot Misses the Net.
2:43 of 3rd period - Shot by Clarke MacArthur.
2:43 of 3rd period - Deflect By Cory Conacher.
2:43 of 3rd period - Stopped by Ondrej Pavelec with a rebound.
2:45 of 3rd period - Shot by Sergei Gonchar.
2:45 of 3rd period - Shot Misses the Net.
3:19 of 3rd period - Shot by James van Riemsdyk.
3:19 of 3rd period - Shot Blocked by Oliver Ekman-Larsson.
3:21 of 3rd period - Shot by Carl Hagelin.
3:21 of 3rd period - Stopped by Ondrej Pavelec without a rebound.
3:22 of 3rd period - Jonathan Huberdeau wins face-off versus Brad Boyes in Sabres zone.
5:10 of 3rd period - Off-side.
5:11 of 3rd period - Cory Conacher wins face-off versus Mike Fisher in neutral zone.
5:24 of 3rd period - Shot by Tommy Wingels.
5:24 of 3rd period - Deflect By Cory Conacher.
5:24 of 3rd period - Shot Misses the Net.
6:10 of 3rd period - Icing by Josh Gorges.
6:11 of 3rd period - Matt Duchene wins face-off versus Jonathan Huberdeau in Sabres zone.
6:34 of 3rd period - Shot by Matt Duchene.
6:34 of 3rd period - Goal by Matt Duchene - Sabres : 4 - Devils : 4.
6:35 of 3rd period - Vladimir Sobotka wins face-off versus Brayden Schenn in neutral zone.
7:12 of 3rd period - Shot by Joel Ward.
7:12 of 3rd period - Stopped by Corey Crawford with a rebound.
7:14 of 3rd period - Shot by Oliver Ekman-Larsson.
7:14 of 3rd period - Shot Misses the Net.
7:16 of 3rd period - Shot by Chris Stewart.
7:16 of 3rd period - Shot Blocked by Trevor Daley.
7:48 of 3rd period - Shot by Jason Pominville.
7:48 of 3rd period - Stopped by Corey Crawford without a rebound.
7:49 of 3rd period - Matt Duchene wins face-off versus Saku Koivu in Devils zone.
7:54 of 3rd period - Shot by Zach Parise.
7:54 of 3rd period - Shot Misses the Net.
8:13 of 3rd period - Steve Ott is hit by Brad Boyes and loses puck.
8:29 of 3rd period - Mark Letestu is hit by Josh Gorges and loses puck.
8:41 of 3rd period - Icing by Saku Koivu.
8:42 of 3rd period - Mike Fisher wins face-off versus Saku Koivu in Devils zone.
8:48 of 3rd period - Jason Pominville is hit by Mike Weaver and loses puck.
9:04 of 3rd period - Jonathan Huberdeau is hit by Francois Beauchemin and loses puck.
9:12 of 3rd period - Jonathan Huberdeau is hit by Francois Beauchemin and loses puck.
9:24 of 3rd period - Off-side.
9:25 of 3rd period - Vladimir Sobotka wins face-off versus Brayden Schenn in neutral zone.
9:27 of 3rd period - Off-side.
9:28 of 3rd period - Brayden Schenn wins face-off versus Vladimir Sobotka in neutral zone.
9:55 of 3rd period - Shot by Chris Stewart.
9:55 of 3rd period - Shot Blocked by Trevor Daley.
9:57 of 3rd period - Shot by Oliver Ekman-Larsson.
9:57 of 3rd period - Stopped by Corey Crawford with a rebound.
9:59 of 3rd period - Shot by Brad Stuart.
9:59 of 3rd period - Shot Misses the Net.
10:01 of 3rd period - Shot by Brayden Schenn.
10:01 of 3rd period - Stopped by Corey Crawford without a rebound.
10:02 of 3rd period - Mike Fisher wins face-off versus Jonathan Huberdeau in Devils zone.
11:24 of 3rd period - Icing by Mike Weaver.
11:25 of 3rd period - Jonathan Huberdeau wins face-off versus Matt Duchene in Devils zone.
11:25 of 3rd period - Jonathan Huberdeau is hit by Brad Boyes.
11:28 of 3rd period - Icing by James van Riemsdyk.
11:29 of 3rd period - Matt Duchene wins face-off versus Jonathan Huberdeau in Devils zone.
11:30 of 3rd period - Shot by Zach Parise.
11:30 of 3rd period - Shot Misses the Net.
11:39 of 3rd period - Icing by Niklas Hjalmarsson.
11:40 of 3rd period - Jonathan Huberdeau wins face-off versus Brayden Schenn in Devils zone.
12:46 of 3rd period - Sergei Gonchar is hit by Brayden Schenn.
13:10 of 3rd period - Shot by Ales Hemsky.
13:10 of 3rd period - Shot Blocked by Josh Gorges.
13:14 of 3rd period - Shot by Sergei Gonchar.
13:14 of 3rd period - Stopped by Ondrej Pavelec without a rebound.
13:15 of 3rd period - Mike Fisher wins face-off versus Cory Conacher in Sabres zone.
13:20 of 3rd period - Jake Muzzin is hit by Daniel Winnik and loses puck.
13:29 of 3rd period - Icing by Francois Beauchemin.
13:30 of 3rd period - Mike Fisher wins face-off versus Vladimir Sobotka in Sabres zone.
13:53 of 3rd period - Shot by Clarke MacArthur.
13:53 of 3rd period - Shot Misses the Net.
13:55 of 3rd period - Shot by Nikita Nikitin.
13:55 of 3rd period - Stopped by Ondrej Pavelec without a rebound.
13:56 of 3rd period - Matt Duchene wins face-off versus Jonathan Huberdeau in Sabres zone.
13:56 of 3rd period - Matt Duchene is hit by Carl Hagelin.
14:22 of 3rd period - Jonathan Huberdeau is hit by Matt Duchene and loses puck.
14:31 of 3rd period - Shot by James van Riemsdyk.
14:31 of 3rd period - Stopped by Ondrej Pavelec without a rebound.
14:32 of 3rd period - Saku Koivu wins face-off versus Jason Pominville in Sabres zone.
14:49 of 3rd period - Shot by Steve Ott.
14:49 of 3rd period - Stopped by Ondrej Pavelec without a rebound.
14:50 of 3rd period - Vladimir Sobotka wins face-off versus Paul Gaustad in Sabres zone.
15:00 of 3rd period - Clarke MacArthur is hit by Dan Girardi and loses puck.
15:46 of 3rd period - Minor Penalty to Steve Ott for Holding.
15:47 of 3rd period - Mark Letestu wins face-off versus Matt Duchene in Devils zone.
16:16 of 3rd period - Shot by Zach Parise.
16:16 of 3rd period - Shot Misses the Net.
16:22 of 3rd period - Shot by Oliver Ekman-Larsson.
16:22 of 3rd period - Stopped by Corey Crawford without a rebound.
16:23 of 3rd period - Mike Fisher wins face-off versus Mark Letestu in Devils zone.
16:35 of 3rd period - Johnny Oduya is hit by Nikita Nikitin and loses puck.
17:00 of 3rd period - Shot by Johnny Oduya.
17:00 of 3rd period - Shot Misses the Net.
17:49 of 3rd period - Minor Penalty to Mark Streit for Charging.
17:50 of 3rd period - Matt Duchene wins face-off versus Mark Letestu in Devils zone.
18:14 of 3rd period - Icing by Zach Parise.
18:15 of 3rd period - Matt Duchene wins face-off versus Mark Letestu in Sabres zone.
18:22 of 3rd period - Shot by Francois Beauchemin.
18:22 of 3rd period - Stopped by Corey Crawford without a rebound.
18:23 of 3rd period - Mark Letestu wins face-off versus Mike Fisher in Devils zone.
Goals for this period are 1 for Sabres vs 0 for Devils.
Shots for this period are 7 for Sabres vs 6 for Devils.

Overtime #1


0:01 of 1st overtime period - Saku Koivu wins face-off versus Brayden Schenn in neutral zone.
0:32 of 1st overtime period - James van Riemsdyk is hit by Brayden Schenn and loses puck.
1:02 of 1st overtime period - Icing by Chris Stewart.
1:03 of 1st overtime period - Brayden Schenn wins face-off versus Jonathan Huberdeau in Sabres zone.
1:05 of 1st overtime period - Icing by Francois Beauchemin.
1:06 of 1st overtime period - Jonathan Huberdeau wins face-off versus Brayden Schenn in Sabres zone.
1:48 of 1st overtime period - Shot by Jason Pominville.
1:48 of 1st overtime period - Shot Misses the Net.
1:50 of 1st overtime period - Shot by Mike Fisher.
1:50 of 1st overtime period - Stopped by Corey Crawford without a rebound.
1:51 of 1st overtime period - Saku Koivu wins face-off versus Jason Pominville in Devils zone.
2:14 of 1st overtime period - Shot by Jason Pominville.
2:14 of 1st overtime period - Stopped by Corey Crawford without a rebound.
2:15 of 1st overtime period - Brayden Schenn wins face-off versus Jonathan Huberdeau in Devils zone.
4:14 of 1st overtime period - Shot by Dan Girardi.
4:14 of 1st overtime period - Shot Misses the Net.
4:58 of 1st overtime period - Shot by Johnny Oduya.
4:58 of 1st overtime period - Shot Blocked by Trevor Daley.
Goals for this period are 0 for Sabres vs 0 for Devils.
Shots for this period are 2 for Sabres vs 0 for Devils.

ShootOut


5:00 of 1st overtime period - Penalty Shot by Jason Pominville for Sabres.
5:00 of 1st overtime period - Stopped by Corey Crawford.
5:00 of 1st overtime period - Penalty Shot by James van Riemsdyk for Devils.
5:00 of 1st overtime period - Goal by James van Riemsdyk.
5:00 of 1st overtime period - Penalty Shot by Zach Parise for Sabres.
5:00 of 1st overtime period - Stopped by Corey Crawford.
5:00 of 1st overtime period - Penalty Shot by Jonathan Huberdeau for Devils.
5:00 of 1st overtime period - Shot Misses the Net.
5:00 of 1st overtime period - Penalty Shot by Thomas Vanek for Sabres.
5:00 of 1st overtime period - Stopped by Corey Crawford.


Output by the SimonT Hockey Simulator (STHS) for Stephane Roy -- Original Page W3C XHTML 1.0 Valid
Hockey Simulator - Hockey Simulation - Hockey Manager